 Dungeon Crawl Stone Soup version 0.20.0 (webtiles) character file.

133 Llamajah the Skirmisher (level 5, 0/55 HPs)
             Began as an Ogre Berserker on June 7, 2017.
             Was a Believer of Trog.
             Succumbed to an adder's poison
             ... on level 3 of the Dungeon.
             The game lasted 00:03:40 (1283 turns).

Llamajah the Skirmisher (Ogre Berserker)            Turns: 1283, Time: 00:03:40

Health: 0/55       AC:  6    Str: 21    XL:     5   Next: 16%
Magic:  5/5        EV: 11    Int:  8    God:    Trog [**....]
Gold:   62         SH:  0    Dex:  9    Spells: 4/4 levels left

rFire    . . .     SeeInvis .   a - +0 spear
rCold    + . .     Gourm    .   (no shield)
rNeg     . . .     Faith    .   b - +0 animal skin
rPois    .         Spirit   .   f - +1 hat
rElec    .         Reflect  .   (no cloak)
rCorr    .         Harm     .   (gloves unavailable)
MR       .....                  (boots unavailable)
Stlth    +.........             (no amulet)
Regen    0.2/turn               d - ring of protection from cold
MPRegen  0.1/turn               k - +2 ring of protection

@: lethally poisoned (0 -> -2), berserk cooldown
A: unfitting armour, tough skin 1
a: Berserk, Trog's Hand, Burn Spellbooks, Renounce Religion


You were on level 3 of the Dungeon.
You worshipped Trog.
Trog was pleased with you.
You were not hungry.

You visited 1 branch of the dungeon, and saw 3 of its levels.

You collected 62 gold pieces.

Inventory:

Hand Weapons
 a - a +0 spear (weapon)
Armour
 b - a +0 animal skin (worn)
 f - a +1 hat (worn)
Jewellery
 d - a ring of protection from cold (left hand)
 k - a +2 ring of protection (right hand)
Scrolls
 h - a scroll of remove curse {unknown}
 j - a scroll of identify {unknown}
 m - a scroll of fear {unknown}
Potions
 e - 2 potions of ambrosia {unknown}
 g - 2 potions of curing {unknown}
 l - a potion of flight {unknown}
Comestibles
 c - a bread ration
 i - 4 fruits


   Skills:
 + Level 4.9 Fighting
 + Level 4.6 Polearms
 + Level 3.4 Dodging
 + Level 0.2 Stealth


You had 4 spell levels left.
You didn't know any spells.

Dungeon Overview and Level Annotations

Branches:
Dungeon (3/15)

Altars:


Innate Abilities, Weirdness & Mutations

You are too large for most types of armour.
You have tough skin. (AC +1)


Message History

You hit the hobgoblin.
The hobgoblin is almost dead.
You feel sick. The hobgoblin hits you with a club.
* * * LOW HITPOINT WARNING * * *
You barely miss the hobgoblin.
The hobgoblin is almost dead.
You feel yourself speed up.
The hobgoblin hits you but does no damage.
You closely miss the hobgoblin.
The hobgoblin is almost dead.
* * * LOW HITPOINT WARNING * * *
You feel sick. The hobgoblin hits you with a club.
* * * LOW HITPOINT WARNING * * *
You hit the hobgoblin.
You kill the hobgoblin!
Trog accepts your kill.
Found a scroll labeled DOPEUJ MILEEMA.
Things that are here:
a club; a hobgoblin corpse You die...

#...# #...#
###...# #.+...#
##.#...#
?.#...#
#######.#...#
....%...##'####
#@).....#
##.##.##.##.#
.....##.##.#
#.##.##....#
#.##.......#
###........###
#.......##[#
#......<...##
.##.....#...#.#


There were no monsters in sight!

Vanquished Creatures
  A scorpion (D:3)
  Terence (D:2)
  An adder (D:3)
  An ooze (D:1)
  A worm (D:3)
  3 dart slugs (D:1)
  5 bats
  A giant cockroach (D:2)
  5 goblins (D:2)
  4 hobgoblins
  4 jackals (D:2)
  A quokka (D:2)
  A ball python (D:3)
  4 frilled lizards
  3 kobolds
  2 rats (D:1)
38 creatures vanquished.

Notes
Turn   | Place    | Note
-------+----------+-------------------------------------------
     0 | D:1      | Llamajah the Ogre Berserker began the quest for the Orb.
     0 | D:1      | Reached XP level 1. HP: 24/24 MP: 1/1
   103 | D:1      | Reached XP level 2. HP: 24/32 MP: 2/2
   507 | D:2      | Noticed Terence
   518 | D:2      | Killed Terence
   518 | D:2      | Reached XP level 3. HP: 40/40 MP: 3/3
   685 | D:2      | Reached XP level 4. HP: 43/49 MP: 4/4
   699 | D:2      | Reached ** piety under Trog
  1241 | D:3      | Reached XP level 5. HP: 55/55 MP: 5/5
  1278 | D:3      | HP: 2/55 [hobgoblin/club (3)]
  1283 | D:3      | Succumbed to an adder's poison

Skill      XL: |  1  2  3 |
---------------+----------+-----
Dodging        | 3 |  3.4
Polearms       | 4 |  4.6
Fighting       | |  4.9
Stealth        | |  0.2

Action                   |  1- 3 |  4- 6 || total
-------------------------+-------+-------++-------
Melee: Spear             |    94 |    90 ||   184
Invok: Berserk           |     1 |     1 ||     2
 Stab: Sleeping          |     1 |       ||     1
  Eat: Chunk             |       |     3 ||     3
Armor: Animal skin       |    18 |    41 ||    59
Dodge: Dodged            |    31 |    61 ||    92
